 Dungeon Crawl Stone Soup version 0.30.0-16-gbe6223bb7e (webtiles) character file.

Game seed: 12146442511954900885

165635 joshe the Sorcerer (level 17, -12/78 HPs)
             Began as a Deep Elf Conjurer on May 20, 2023.
             Was a High Priest of Hepliaklqana.
             Mangled by an azure jelly (38 damage)
             ... in an ice cave on May 21, 2023.
             The game lasted 04:26:12 (41403 turns).

joshe the Sorcerer (Deep Elf Conjurer)             Turns: 41403, Time: 04:26:13

Health: -12/78     AC: 12    Str:  3      XL:     17   Next: 3%
Magic:  36/44      EV: 27    Int: 29 (31) God:    Hepliaklqana [*****.]
Gold:   859        SH:  0    Dex: 19      Spells: 17/58 levels left

rFire   + . .        f - staff of poison
rCold   . . .        Z - orb {light}
rNeg    . . .        I - +1 robe of Wu Jian's Reproof {rElec rF+ Str-3 Dex+4}
rPois   +            w - +2 helmet {Int+3}
rElec   +            U - +1 cloak {rCorr}
rCorr   +            B - +1 pair of gloves
SInv    .            F - +1 pair of boots
Will    +....        Q - amulet of regeneration
Stlth   +            v - +5 ring of evasion
HPRegen 1.13/turn    P - +5 ring of evasion
MPRegen 0.29/turn

%: no passive effects
@: glowing
A: reduced essence
}: 1/15 runes: gossamer
a: Renounce Religion, Recall Ancestor, Ancestor Identity, Transference, Idealise


You were in an ice cave.
You worshipped Hepliaklqana.
Hepliaklqana was extremely pleased with you.
You visited 6 branches of the dungeon, and saw 29 of its levels.
You also visited: Gauntlet and Ice Cave.

You collected 2527 gold pieces.
You spent 1668 gold pieces at shops.

Inventory:

Armour
 w - a +2 helmet of intelligence (worn)
 B - a +1 pair of gloves (worn)
 F - a +1 pair of boots (worn)
 I - the +1 robe of Wu Jian's Reproof (worn) {rElec rF+ Str-3 Dex+4}
   (You found it on level 7 of the Dungeon)

   Str:       It affects your strength (-3).
   Dex:       It affects your dexterity (+4).
   rF:        It protects you from fire.
   rElec:     It insulates you from electricity.
 U - a +1 cloak of preservation (worn)
 Z - an orb of light (worn)
Magical Staves
 f - a staff of poison (weapon)
 O - a staff of conjuration
Jewellery
 g - the ring of Shadows {Umbra +Inv Stlth+}
   (You found it in a Gauntlet)

   [ring of stealth]

   Umbra:     It surrounds you with an aura of shadow, increasing your stealth
   and reducing the accuracy of all others within it.
   +Inv:      It lets you turn invisible.
   Stlth:     It makes you more stealthy.
 k - a +6 ring of dexterity
 v - a +5 ring of evasion (left hand)
 J - a ring of protection from fire
 P - a +5 ring of evasion (right hand)
 Q - an amulet of regeneration (around neck)
 R - a ring of fire
 W - a +4 ring of protection
Wands
 d - a wand of digging (9)
 y - a wand of quicksilver (12)
 G - a wand of roots (15)
 K - a wand of paralysis (22)
 M - a wand of polymorph (18)
 N - a wand of mindburst (3)
Scrolls
 c - 5 scrolls of fear
 e - 3 scrolls of amnesia
 h - 9 scrolls of enchant armour
 i - 13 scrolls of teleportation
 j - 13 scrolls of fog
 m - 8 scrolls of immolation
 r - a scroll of magic mapping
 u - 3 scrolls of butterflies
 D - 6 scrolls of poison
 E - 6 scrolls of identify
Potions
 a - 2 potions of haste
 b - a potion of magic
 l - 2 potions of brilliance
 n - 8 potions of lignification
 o - 2 potions of cancellation
 p - a potion of heal wounds
 q - 3 potions of curing
 s - 5 potions of ambrosia
 t - 6 potions of might
 C - a potion of flight
 L - a potion of invisibility
 S - 4 potions of mutation
 Y - a potion of resistance
Miscellaneous
 x - a phantom mirror
 z - a condenser vane
 X - a box of beasts


   Skills:
 + Level 3.3 Fighting
 + Level 8.4 Dodging
 - Level 2.4 Stealth
 - Level 21.0 Spellcasting
 + Level 14.1 Conjurations
 - Level 14.0 Hexes
 - Level 13.0 Summonings
 - Level 5.0 Translocations
 - Level 5.0 Fire Magic
 - Level 14.0 Earth Magic
 - Level 8.0 Invocations
 - Level 4.0 Evocations


You had 17 spell levels left.
You knew the following spells:

 Your Spells              Type           Power      Damage    Failure   Level
a - Magic Dart            Conj           100%       1d8       0%          1
b - Searing Ray           Conj           100%       2d8       0%          2
c - Fulminant Prism       Conj/Hex       42%        3d19      1%          4
d - Iskenderun's Mystic   Conj/Tloc      72%        2d15      1%          4
e - Ensorcelled Hibernat  Hex/Ice        100%       N/A       1%          2
f - Fireball              Conj/Fire      36%        3d15      1%          5
g - Spellforged Servitor  Conj/Summ      41%        N/A       3%          7
h - Lehudib's Crystal Sp  Conj/Erth      42%        10d10     24%         8
i - Dazzling Flash        Conj/Hex       100%       N/A       0%          3
j - Lee's Rapid Deconstr  Erth           42%        3d20*     1%          5

Your spell library contained the following spells:

 Spells                   Type           Power      Damage    Failure   Level
 Sandblast                Erth           100%       2d20      0%          1
 Summon Small Mammal      Summ           100%       N/A       0%          1
 Confusing Touch          Hex            84%        N/A       0%          3
 Stone Arrow              Conj/Erth      100%       3d13      0%          3
 Summon Guardian Golem    Hex/Summ       83%        N/A       0%          3
 Apportation              Tloc           100%       N/A       1%          1
 Foxfire                  Conj/Fire      100%       2x1d9     1%          1
 Necrotise                Necr           100%       1d9       1%          1
 Lesser Beckoning         Tloc           100%       N/A       1%          2
 Scorch                   Fire           100%       2d9       1%          2
 Sublimation of Blood     Necr           30%        N/A       1%          2
 Wereblood                Tmut           30%        N/A       1%          2
 Gell's Gravitas          Tloc           56%        N/A       1%          3
 Inner Flame              Hex/Fire       71%        N/A       1%          3
 Teleport Other           Tloc           56%        N/A       1%          3
 Volatile Blastmotes      Fire/Tloc      100%       2d18      1%          3
 Anguish                  Hex/Necr       31%        N/A       1%          4
 Animate Armour           Summ/Erth      100%       N/A       1%          4
 Cause Fear               Hex            42%        N/A       1%          4
 Flame Wave               Conj/Fire      72%        2d16      1%          4
 Leda's Liquefaction      Hex/Erth       42%        N/A       1%          4
 Petrify                  Tmut/Erth      63%        N/A       1%          4
 Sticky Flame             Conj/Fire      72%        2d9       1%          4
 Borgnjor's Vile Clutch   Necr/Erth      31%        N/A       1%          5
 Irradiate                Conj/Tmut      32%        3d22      1%          5
 Metabolic Englaciation   Hex/Ice        31%        N/A       1%          5
 Summon Forest            Summ/Tloc      35%        N/A       1%          5
 Summon Cactus Giant      Summ           41%        N/A       1%          6
 Ozocubu's Armour         Ice            30%        N/A       3%          3
 Starburst                Conj/Fire      36%        6d11      3%          6
 Enfeeble                 Hex            42%        N/A       3%          7
 Orb of Destruction       Conj           42%        9d12      3%          7
 Monstrous Menagerie      Summ           41%        N/A       4%          7
 Summon Hydra             Summ           41%        N/A       4%          7
 Conjure Ball Lightning   Conj/Air       32%        3x3d10    10%         6
 Statue Form              Tmut/Erth      42%        N/A       11%         6
 Discord                  Hex            42%        N/A       26%         8
 Plasma Beam              Fire/Air       22%        2x1d37    54%         6
 Simulacrum               Ice/Necr       15%        N/A       88%         6
 Ozocubu's Refrigeration  Ice            15%        4d10      100%        7
 Disjunction              Tloc           28%        N/A       100%        8
 Polar Vortex             Ice            15%        N/A       100%        9


Dungeon Overview and Level Annotations

Branches:
Dungeon (15/15)            Temple (0/1) D:6            Lair (5/5) D:8
 Shoals (2/4) Lair:3       Spider (4/4) Lair:3        Slime (0/5) Lair:5
    Orc (2/2) D:11            Elf (1/3) Orc:2        Vaults (0/5) D:14
 Depths (0/4) D:15          IceCv (1/1)             Gauntlet (visited)

Altars:
Ashenzari
Dithmenos
Elyvilon
Hepliaklqana
Okawaru
Sif Muna
Trog
Zin
The Shining One
Jiyva

Shops:
Orc:2 ::([

Portals:
Trove: D:11 (give +4 storm dragon scales)

Annotations:
D:5 1 runed translucent door, crux's ghost, novice OpTm


Message History

Found a viscous altar of Jiyva.
Casting: Spellforged Servitor (dangerous; 3% risk of failure)
Confirm with . or Enter, or press ? or * to list all spells.
You summon a servant imbued with your destructive magic!
You swap places. 2 azure jellies come into view.
The azure jelly quivers. x2
The azure jelly moves out of view.
Acid dripping from the walls corrodes you.
Found a scimitar of freezing.
Wystan barely misses the azure jelly.
The azure jelly barely misses you. The azure jelly hits you.
The azure jelly freezes you!!! The azure jelly hits you!
The azure jelly hits you.
Unknown command.
The azure jelly hits Wystan but does no damage. x3
The azure jelly hits Wystan.
Wystan closely misses the azure jelly.
Wystan hits the azure jelly with a +0 broad axe of flaming.
Wystan burns the azure jelly.
You swap places.
Wystan blocks the azure jelly's attack. x2
The azure jelly hits Wystan.
The azure jelly barely misses Wystan.
Your spellforged servitor points at the azure jelly and mumbles some strange words.
The crystal spear hits the azure jelly!!
Casting: Spellforged Servitor (dangerous; 3% risk of failure)
Confirm with . or Enter, or press ? or * to list all spells.
Really blast near your spellforged servitor?
You erupt in a blast of force!
Wystan avoids your attack.
The mystic blast hits your spellforged servitor.
Your spellforged servitor is lightly damaged.
Your spellforged servitor is knocked back by the mystic blast.
Your spellforged servitor slams into the ice covered rock wall!
Your spellforged servitor is moderately damaged.
The mystic blast hits the azure jelly!
The azure jelly is heavily wounded.
The azure jelly is knocked back by the mystic blast.
The azure jelly collides with Wystan!
Wystan avoids your attack.
The azure jelly is heavily wounded.
Wystan blocks the azure jelly's attack. x3; The azure jelly hits Wystan.
The azure jelly completely misses you. The azure jelly hits you.
The azure jelly freezes you!!!
You die...

#......##..####..##.
#....R.##..# #...#.
##..##.##..# ##..##
#.##..##..## #..##
####..###..# ##R.#.
#...###.J###..##.
##....##...##J.##.
##.....##...#...##.
#.@.....#.......#..
##.J.....##....#....
#9.R#.#...#....#...#
#...J.....##..##...#
#..#._.#..##.##...##
#.........#####..##.
#....#....# #..##..
##.......# #......
##... .## #......


You could see the friendly Wystan the knight, 2 azure jellies and a friendly
spellforged servitor (summoned).

Vanquished Creatures
  An azure jelly (IceCv)
  Aizul (Spider:4)
  4 emperor scorpions
  A ghost moth (Spider:4)
  A broodmother (Spider:3)
  3 quicksilver oozes (IceCv)
  2 spark wasps (Spider:4)
  A minotaur (Gauntlet)
  An entropy weaver (Spider:1)
  Josephine (Lair:3)
  An entropy weaver (shapeshifter) (D:14)
  A rakshasa (D:15)
  3 hydras
  4 catoblepae
  A dancing weapon (Elf:1)
  A centaur warrior (D:13)
  A boulder beetle (D:14)
  2 tengu warriors
  3 two-headed ogres
  6 death yaks
  A death scarab (Spider:1)
  2 orc high priests (Orc:2)
  A hell knight (D:15)
  2 nameless horrors
  2 skysharks (Lair:3)
  3 sun moths (Spider:4)
  A pharaoh ant (Spider:3)
  3 orb spiders
  2 skeletal warriors (D:13)
  A deep troll (D:14)
  A phantasmal warrior (D:14)
  2 orange crystal statues (IceCv)
  A steelbarb worm (Spider:1)
  A harpy (Shoals:1)
  A deep elf zephyrmancer (Elf:1)
  2 deep elf pyromancers
  A necromancer (D:15)
  4 wolf spiders
  An orc knight (Orc:1)
  2 orc sorcerers (Orc:2)
  2 manticores (Lair:5)
  2 cyclopes
  2 moths of wrath
  An ice statue (Gauntlet)
  11 elephants
  3 torpor snails
  A merfolk siren (Shoals:1)
  6 cane toads
  3 black mambas
  A demonic crawler (Spider:1)
  Maggie (D:9)
  An efreet (D:13)
  2 rime drakes
  3 kobold demonologists
  2 tengu conjurers
  7 komodo dragons
  3 freezing wraiths (Shoals:2)
  6 trolls
  A wolf spider simulacrum (D:15)
  A hornet (D:9)
  Grinder (D:5)
  A polar bear (Lair:3)
  16 blink frogs
  9 tarantellas
  4 jumping spiders
  6 culicivoras
  40 yaks
  4 wraiths
  4 slime creatures
  A spriggan (Lair:3)
  A basilisk (D:15)
  5 wyverns
  5 water elementals
  14 redbacks
  3 steam dragons
  4 vampire mosquitoes
  A warg (Orc:2)
  Edmund (D:6)
  Duvessa (D:5)
  A swamp drake (D:11)
  17 water moccasins
  10 orc warriors
  A black bear (shapeshifter) (D:14)
  An ice beast (D:5)
  A sky beast (D:7)
  3 great orb of eyes simulacra (IceCv)
  3 black bears
  8 wolves
  10 centaurs
  2 slime creature simulacra (IceCv)
  A phantom (D:5)
  8 kobold brigands
  7 bullfrogs
  3 glowing shapeshifter simulacra (IceCv)
  A gnoll sergeant (D:7)
  4 necrophages (Lair:4)
  6 wights
  Dowan (D:5)
  An electric eel (Lair:3)
  8 howler monkeys
  A hound (D:4)
  4 jellies
  16 orc priests
  2 gnoll boudas
  2 sleepcaps
  An iguana (D:6)
  20 orc wizards
  15 gnolls
  12 adders
  2 white imps
  2 worms (D:3)
  5 dart slugs
  35 orcs
  3 bats
  3 endoplasms
  A giant cockroach (D:2)
  7 goblins
  4 hobgoblins
  3 jackals (D:5)
  3 quokkas
  7 ball pythons
  4 frilled lizards
  25 kobolds
  8 rats
  2 tentacles (Shoals:1)
537 creatures vanquished.

Vanquished Creatures (collateral kills)
  A kraken (Shoals:1)
  A titan (Shoals:1)
  Polyphemus (Shoals:2)
  Donald (Spider:1)
  The ghost of Kehia the Scorcher, an adept DrWn of Okawaru (Shoals:1)
  A rockslime (IceCv)
  A frost giant (Shoals:1)
  A ghost moth (Spider:1)
  A stone giant (Shoals:1)
  A quicksilver ooze (IceCv)
  3 spark wasps (Spider:4)
  An ettin (D:15)
  A hydra (D:15)
  A catoblepas (Shoals:2)
  A merfolk avatar (Shoals:1)
  2 two-headed ogres
  A jorogumo (Spider:4)
  3 centaur warriors
  3 radroaches
  2 death yaks (Shoals:2)
  2 tengu warriors (D:15)
  2 orc high priests (Orc:2)
  A skeletal warrior (D:13)
  5 pharaoh ants
  A sun moth (Spider:2)
  A deep troll (D:15)
  A sea snake (Shoals:1)
  6 orb spiders
  2 steelbarb worms (Spider:2)
  A deep elf zephyrmancer (Elf:1)
  An orc knight (Orc:2)
  11 wolf spiders
  3 harpies (Shoals:1)
  2 deep elf pyromancers
  An ugly thing (D:13)
  An orc sorcerer (Orc:2)
  A cyclops (Shoals:1)
  2 manticores
  2 moths of wrath
  2 elephants (Lair:5)
  Joseph (D:14)
  5 demonic crawlers
  A cane toad (Lair:5)
  A gargoyle (D:12)
  An unseen horror (D:12)
  A komodo dragon (Lair:5)
  A rime drake (Gauntlet)
  3 merfolk (Shoals:1)
  A tengu conjurer (D:15)
  A troll (Orc:2)
  13 tarantellas
  3 blink frogs
  13 slime creatures (IceCv)
  5 snapping turtles
  13 jumping spiders
  3 wraiths
  18 yaks
  7 culicivoras
  2 nameless horrors
  A wyvern (Lair:2)
  31 redbacks
  2 vampire mosquitoes
  2 wargs (Orc:2)
  2 water moccasins (Lair:1)
  6 orc warriors
  A black bear (Lair:3)
  3 great orb of eyes simulacra (IceCv)
  A centaur (D:13)
  A slime creature simulacrum (IceCv)
  A phantom (D:4)
  11 kobold brigands (Orc:1)
  3 bullfrogs
  3 wights (D:8)
  3 knights
  2 jellies
  6 orc priests (Orc:2)
  6 orc wizards
  An adder (D:6)
  5 gnolls
  16 orcs
  3 kobolds (Orc:1)
  A fulminant prism (Orc:2)
  2 tentacles (Shoals:1)
282 creatures vanquished.

Vanquished Creatures (others)
  A deep elf knight (Elf:1)
  16 knights
  3 ancestors
  An orc (Orc:2)
  364 fulminant prisms
  3 tentacles (Shoals:1)
388 creatures vanquished.

Grand Total: 1207 creatures vanquished

Notes
Turn   | Place    | Note
-------+----------+-------------------------------------------
     0 | D:1      | joshe the Deep Elf Conjurer began the quest for the Orb.
     0 | D:1      | Reached XP level 1. HP: 10/10 MP: 6/6
   297 | D:1      | Found a faded altar of an unknown god.
   344 | D:1      | Reached XP level 2. HP: 15/15 MP: 0/8
   424 | D:1      | Learned a level 2 spell: Searing Ray
   545 | D:1      | Got the Notes on Detritus and Fascination
  1143 | D:2      | Reached skill level 4 in Spellcasting
  1246 | D:2      | Reached XP level 3. HP: 19/19 MP: 3/10
  1310 | D:2      | Reached skill level 5 in Conjurations
  2135 | D:3      | Reached XP level 4. HP: 24/24 MP: 2/12
  2230 | D:3      | Learned a level 4 spell: Fulminant Prism
  2402 | D:3      | Found a hazy altar of Hepliaklqana.
  2406 | D:3      | Became a worshipper of Hepliaklqana the Forgotten
  2540 | D:3      | Reached skill level 5 in Spellcasting
  2802 | D:3      | Found a broken altar of Ashenzari.
  2809 | D:3      | Reached skill level 1 in Hexes
  2946 | D:3      | Found a shimmering blue altar of Sif Muna.
  3215 | D:4      | Reached XP level 5. HP: 28/28 MP: 8/14
  3277 | D:4      | Found a bloodstained altar of Trog.
  3281 | D:4      | Found a shadowy altar of Dithmenos.
  3285 | D:4      | Found an iron altar of Okawaru.
  3371 | D:4      | Reached * piety under Hepliaklqana
  3739 | D:4      | Noticed a phantom
  3744 | D:4      | Killed a phantom
  3745 | D:4      | Reached skill level 6 in Spellcasting
  3745 | D:4      | Reached XP level 6. HP: 28/28 MP: 11/17
  4109 | D:5      | Entered Level 5 of the Dungeon
  4204 | D:5      | Noticed Grinder
  4215 | D:5      | Noticed a water moccasin
  4218 | D:5      | Paralysed by Grinder for 4 turns
  4222 | D:5      | Noticed Duvessa
  4346 | D:5      | Reached skill level 5 in Hexes
  4603 | D:5      | Noticed an ice beast
  4611 | D:5      | Killed an ice beast
  4612 | D:5      | Reached skill level 1 in Invocations
  4612 | D:5      | Reached XP level 7. HP: 32/32 MP: 10/18
  4752 | D:5      | Noticed Dowan
  4753 | D:5      | Paralysed by Grinder for 4 turns
  4932 | D:4      | Learned a level 4 spell: Iskenderun's Mystic Blast
  4935 | D:4      | Learned a level 2 spell: Ensorcelled Hibernation
  5018 | D:5      | Reached skill level 1 in Translocations
  5125 | D:5      | Found a runed translucent door.
  5130 | D:5      | Noticed crux's ghost (novice OpTm)
  5645 | D:5      | Killed Duvessa
  5648 | D:5      | Killed Dowan
  5649 | D:5      | Reached XP level 8. HP: 29/36 MP: 3/19
  5881 | D:5      | Killed Grinder
  5882 | D:5      | Reached skill level 7 in Spellcasting
  6512 | D:6      | Reached skill level 8 in Spellcasting
  7281 | D:6      | Found a staircase to the Ecumenical Temple.
  7440 | D:6      | Noticed Edmund
  7446 | D:6      | Killed Edmund
  7686 | D:6      | Reached skill level 5 in Translocations
  7686 | D:6      | Reached XP level 9. HP: 40/40 MP: 18/23
  7695 | D:6      | Reached skill level 9 in Spellcasting
  8030 | D:7      | Reached skill level 5 in Dodging
  8105 | D:7      | Reached skill level 10 in Spellcasting
  8167 | D:7      | Reached ** piety under Hepliaklqana
  8168 | D:7      | Remembered your ancestor Wystan as a knight
  8196 | D:7      | Identified the +1 robe of Wu Jian's Reproof {rElec rF+
                  | Str-3 Dex+4}
  8460 | D:7      | Got the Volume of Congregated Conflagration
  9162 | D:8      | Found a staircase to the Lair.
  9202 | D:8      | Reached XP level 10. HP: 45/45 MP: 6/26
  9205 | D:8      | Reached skill level 11 in Spellcasting
 10508 | Lair:1   | Entered Level 1 of the Lair of Beasts
 10516 | Lair:1   | Reached skill level 12 in Spellcasting
 10624 | Lair:1   | Noticed a cane toad
 10633 | Lair:1   | Killed a cane toad
 10831 | Lair:1   | Reached skill level 10 in Conjurations
 10845 | Lair:1   | Reached skill level 13 in Spellcasting
 11190 | Lair:1   | Reached skill level 14 in Spellcasting
 11434 | Lair:1   | Reached XP level 11. HP: 48/48 MP: 22/31
 11828 | Lair:2   | Upgraded the game from 0.30.0-15-g856e2d3f33 to
                  | 0.30.0-16-gbe6223bb7e
 11879 | Lair:2   | Reached *** piety under Hepliaklqana
 11970 | Lair:2   | Reached skill level 15 in Spellcasting
 11993 | Lair:2   | Noticed an eight-headed hydra
 11997 | Lair:2   | Killed an eight-headed hydra
 11998 | Lair:2   | Reached skill level 1 in Evocations
 12101 | Lair:2   | Noticed an eight-headed hydra
 12115 | Lair:2   | Killed an eight-headed hydra
 12198 | Lair:2   | Reached skill level 5 in Invocations
 12669 | Lair:2   | Reached skill level 10 in Hexes
 12848 | Lair:2   | Reached **** piety under Hepliaklqana
 13319 | Lair:3   | Noticed a skyshark
 13334 | Lair:3   | Killed a skyshark
 13658 | Lair:3   | Reached XP level 12. HP: 46/53 MP: 4/33
 14501 | Lair:3   | Found a hole to the Spider Nest.
 14560 | Lair:3   | Noticed Josephine
 14564 | Lair:3   | Reached skill level 16 in Spellcasting
 14568 | Lair:3   | Killed Josephine
 14602 | Lair:3   | Found a staircase to the Shoals.
 15453 | Lair:4   | Learned a level 7 spell: Orb of Destruction
 15769 | Lair:4   | Reached skill level 17 in Spellcasting
 15777 | Lair:4   | Learned a level 7 spell: Spellforged Servitor
 16027 | Lair:4   | Noticed a six-headed hydra
 16040 | Lair:4   | Killed a six-headed hydra
 16762 | Lair:5   | Entered Level 5 of the Lair of Beasts
 16918 | Lair:5   | Reached XP level 13. HP: 56/56 MP: 1/36
 17204 | Lair:5   | Found a staircase to the Slime Pits.
 17242 | Lair:5   | Reached skill level 1 in Summonings
 17255 | Lair:5   | Found a viscous altar of Jiyva.
 17952 | Lair:5   | Identified the +10 halberd "Ighaxim" {spect, rF+ rN+ Str+3}
 18555 | Lair:5   | Reached ***** piety under Hepliaklqana
 18609 | Lair:5   | Reached skill level 18 in Spellcasting
 18609 | Lair:5   | Reached skill level 5 in Summonings
 18912 | Lair:5   | Identified the +2 leather armour of the Sky {*Corrode rElec
                  | Str+3}
 19172 | D:9      | Noticed Maggie
 19179 | D:9      | Killed Maggie
 19808 | D:9      | Identified the +0 ring mail "Tihiah" {-Tele rF+ Dex+2
                  | Slay+3}
 20121 | D:9      | Found a glowing golden altar of the Shining One.
 20121 | D:9      | Found a white marble altar of Elyvilon.
 20122 | D:9      | Found a glowing silver altar of Zin.
 20145 | D:10     | Entered Level 10 of the Dungeon
 20849 | D:11     | Found a portal to a secret trove of treasure.
 21824 | D:11     | Found a staircase to the Orcish Mines.
 22015 | Orc:1    | Entered Level 1 of the Orcish Mines
 22369 | Orc:1    | Reached XP level 14. HP: 57/61 MP: 30/38
 22644 | Orc:2    | Entered Level 2 of the Orcish Mines
 22695 | Orc:2    | Reached skill level 10 in Summonings
 22956 | Orc:2    | Found a staircase to the Elven Halls.
 23817 | Orc:2    | Found Jyotrin's Antique Armour Shoppe.
 23817 | Orc:2    | Found Fuuluuf's Antique Weapon Shoppe.
 23823 | Orc:2    | Found Irchu's Book Emporium.
 23823 | Orc:2    | Found Wiqicw Godgh's Book Emporium.
 23889 | Orc:2    | Bought a runed cloak for 232 gold pieces
 23891 | Orc:2    | Bought a book of Fire for 572 gold pieces
 23899 | Orc:2    | Learned a level 5 spell: Fireball
 24127 | Elf:1    | Entered Level 1 of the Elven Halls
 24133 | Elf:1    | Reached skill level 1 in Fire Magic
 24311 | Orc:2    | Bought Otihic's Dissertation on the Anticline for 864 gold
                  | pieces
 24320 | Orc:2    | Learned a level 8 spell: Lehudib's Crystal Spear
 24414 | D:12     | Reached skill level 1 in Earth Magic
 25324 | D:12     | Reached skill level 19 in Spellcasting
 25724 | D:13     | Identified the +6 chain mail "Xebb" {rElec rC+ Slay-5}
 26207 | D:13     | Reached ****** piety under Hepliaklqana
 26737 | D:13     | Reached skill level 5 in Earth Magic
 27038 | D:14     | Found a gate to the Vaults.
 27096 | D:14     | Found a gate leading to a gauntlet.
 27112 | Gauntlet | Entered a Gauntlet
 27112 | Gauntlet | Found a transporter.
 27117 | Gauntlet | Found a transporter.
 27119 | Gauntlet | Found a transporter.
 27137 | Gauntlet | Found a transporter.
 27139 | Gauntlet | Found a transporter.
 27155 | Gauntlet | Found a transporter.
 27169 | Gauntlet | Found a transporter.
 27176 | Gauntlet | Found a transporter.
 27186 | Gauntlet | Found a transporter.
 27199 | Gauntlet | Found a transporter.
 27199 | Gauntlet | Found the ring of Shadows {Umbra +Inv Stlth+}
 27205 | Gauntlet | Found a transporter.
 27209 | Gauntlet | Found a transporter.
 27241 | Gauntlet | Found a transporter.
 27256 | Gauntlet | Found a transporter.
 27259 | Gauntlet | Found a runed translucent door.
 27651 | Gauntlet | Identified the +0 ring mail of the Sun {rC++ Int+3 Dex+3}
 27652 | Gauntlet | Got the Incunabulum of the Special Bones
 27935 | D:14     | Noticed Joseph
 27945 | D:14     | Killed Joseph
 28471 | D:14     | Reached XP level 15. HP: 64/64 MP: 5/40
 28911 | D:15     | Entered Level 15 of the Dungeon
 29464 | D:15     | Reached skill level 10 in Earth Magic
 29502 | D:15     | Identified the +7 plate armour of Poor Excuses {Str+2
                  | Stlth+}
 29674 | D:15     | Identified the +1 robe of the Sea {-Tele rN+ Str+2}
 29926 | D:15     | Found a staircase to the Depths.
 30352 | Spider:1 | Entered Level 1 of the Spider Nest
 30646 | Spider:1 | Noticed Donald
 30664 | Spider:1 | Killed Donald
 30856 | Spider:1 | Learned a level 3 spell: Dazzling Flash
 30875 | Spider:1 | Noticed an emperor scorpion
 30880 | Spider:1 | Killed an emperor scorpion
 32954 | Spider:2 | Noticed an emperor scorpion
 32965 | Spider:2 | Killed an emperor scorpion
 33201 | Spider:2 | Noticed an emperor scorpion
 33208 | Spider:2 | Killed an emperor scorpion
 33390 | Spider:2 | Reached skill level 5 in Fire Magic
 33455 | Spider:2 | Reached skill level 20 in Spellcasting
 34688 | Spider:3 | Noticed an emperor scorpion
 34698 | Spider:3 | Killed an emperor scorpion
 35504 | Spider:3 | Reached XP level 16. HP: 68/68 MP: 29/42
 35869 | Spider:4 | Entered Level 4 of the Spider Nest
 35877 | Spider:4 | Noticed Aizul
 35885 | Spider:4 | Killed Aizul
 38311 | Spider:4 | Got a gossamer rune of Zot
 38566 | Shoals:1 | Entered Level 1 of the Shoals
 38809 | Shoals:1 | Found a runed translucent door.
 38811 | Shoals:1 | Noticed Kehia's ghost (adept DrWn)
 38823 | Shoals:1 | Killed Kehia's ghost
 39382 | Shoals:1 | Noticed a kraken
 39395 | Shoals:1 | Killed a kraken
 39396 | Shoals:1 | Reached skill level 1 in Fighting
 39553 | Shoals:1 | Noticed a titan
 39568 | Shoals:1 | Killed a titan
 39723 | Shoals:1 | Learned a level 5 spell: Lee's Rapid Deconstruction
 39757 | Shoals:2 | Noticed Polyphemus
 39780 | Shoals:2 | Killed Polyphemus
 39870 | Shoals:2 | Found a frozen archway.
 39913 | IceCv    | Entered an ice cave
 40790 | IceCv    | Reached skill level 21 in Spellcasting
 41172 | IceCv    | Reached XP level 17. HP: 78/78 MP: 21/44
 41390 | IceCv    | Found a viscous altar of Jiyva.
 41403 | IceCv    | Mangled by an azure jelly

Illustrated notes

Levels and vault maps discovered:
D:1:      dpeg_arrival_houses_and_road, layout_loops_ring,
          hellmonk_ecumenical_altar_arch_garden, minivault_4
D:2:      layout_loops_ring
D:3:      layout_loops_ring, nzn_hepliaklqana_mist_gate,
          grunt_temple_overflow_open, serial_bayou_lake_a
D:4:      layout_basic, gammafunk_temple_overflow_forgotten, serial_rivers,
          chequers_serial_rivers_small_b, chequers_serial_rivers_micro_c,
          chequers_serial_rivers_micro_e, chequers_serial_rivers_marsh
D:5:      layout_basic, serial_corexii_hall, corexii_hall_statues_s,
          chequers_hall_statues_corner_a, ebering_ghost_reflecting_pool,
          uniq_grinder, uniq_duvessa
D:6:      layout_rooms, minmay_temple_entry_statues_pillars, uniq_edmund
D:7:      layout_cave_pools
D:8:      layout_loops_cross, lair_entry_dummy, minmay_splitting_lines,
          kennysheep_nub
D:9:      layout_stronghold, good_gods_mini_temple, uniq_maggie
D:10:     layout_roguey, minivault_27
D:11:     layout_roguey, erik_orc_1, enter_trove_6
D:12:     layout_loops_ring, minmay_misc_feat_square
D:13:     layout_irregular_city, minmay_strange_pillars, amethyst_killhole,
          serial_bayou_pond_c
D:14:     layout_roguey, david_vaults_4, minivault_14, gauntlet_entry_generic,
          minmay_sticks_and_stones
D:15:     hangedman_depths_entry_civil_slaughter, layout_rooms, minivault_14,
          minivault_25
Lair:1:   layout_loops_ring, cheibrodos_lair_reptile_den
Lair:2:   layout_long_grid, lemuel_fruit_tree
Lair:3:   layout_regular_city, elwin_shoals_entry_rocks,
          hellmonk_spider_entry_life_and_decay, nicolae_lair_lil_pond,
          forest_entry_grove, uniq_josephine
Lair:4:   layout_loops_ring, roderic_carrion_pond, grunt_megastairs_5
Lair:5:   evilmike_catoblepas_cave, layout_loops_ring,
          nicolae_slime_entry_field_trip
Shoals:1: cheibrodos_shoals_gigantism, layout_shoals, ebering_ghost_inner_flame
Shoals:2: layout_shoals, portal_ice_cave_entry_frozen_things, uniq_polyphemus
Spider:1: layout_chambers, nicolae_spider_some_kinda_spiderbox, uniq_donald
Spider:2: layout_cave_pods, nicolae_spider_cling_halls
Spider:3: layout_spider_delve
Spider:4: grunt_spider_rune_island, uniq_aizul
Orc:1:    layout_diamond_mine, special_room [special_room_kobold],
          library_closet, nicolae_orc_sculptors_studio, nicolae_orc_lava_room
Orc:2:    st_orc_mages, layout_diamond_mine, basic_altar
Elf:1:    minmay_the_grid_triangle_9x9_recursive_2_mashed
          [minmay_the_grid_triangle_9x9_prize_special,
          minmay_the_grid_triangle_9x9_corruption,
          minmay_the_grid_triangle_9x9_checkered,
          minmay_the_grid_triangle_9x9_negative_grid], layout_loops_cross,
          serial_shops, nicolae_shop_tiny_real_fake_doors,
          nicolae_shop_statue_plus, shop, basic_altar,
          hangedman_elven_crosses_minicolossus, st_stairs_5,
          elves_outpost_lemuel
IceCv:    ice_cave_hellmonk_azure_passage

Skill      XL: |  1  2  3  4  5  6  7  8  9 10 11 12 13 14 15 16 |
---------------+-------------------------------------------------+-----
Spellcasting   | 4 5 6 8 10 14 15 17 18 19 20 21 | 21.0
Conjurations   | 5 6 8 10 11 12 13 14 | 14.1
Hexes          | 1 3 6 7 9 10 13 14 | 14.0
Dodging        | 3 4 6 8 |  8.4
Invocations    | 1 4 6 8 |  8.0
Translocations | 3 5 |  5.0
Evocations     | 4 |  4.0
Summonings     | 9 11 13 | 13.0
Fire Magic     | 2 5 |  5.0
Earth Magic    | 8 12 14 | 14.0
Fighting       | 3 |  3.3
Stealth        | |  2.4

Action                     |  1- 3 |  4- 6 |  7- 9 | 10-12 | 13-15 | 16-18 || total
---------------------------+-------+-------+-------+-------+-------+-------++-------
  Melee: Short sword       |       |       |       |     2 |       |       ||     2
         Staff             |       |       |       |       |     3 |     2 ||     5
   Cast: Magic Dart        |    70 |    55 |    48 |    49 |    30 |     3 ||   255
         Searing Ray       |     5 |    16 |    30 |    50 |    24 |     4 ||   129
         Fulminant Prism   |       |     3 |    37 |   129 |   167 |    31 ||   367
         Iskenderun's Myst |       |       |     9 |    24 |    47 |    26 ||   106
         Ensorcelled Hiber |       |       |     2 |       |    11 |     1 ||    14
         Spellforged Servi |       |       |       |       |    82 |    43 ||   125
         Orb of Destructio |       |       |       |       |     2 |       ||     2
         Fireball          |       |       |       |       |   135 |    67 ||   202
         Dazzling Flash    |       |       |       |       |     1 |     2 ||     3
         Lee's Rapid Decon |       |       |       |       |       |     1 ||     1
 Invoke: Ancestor Life: Kn |       |       |     1 |       |       |       ||     1
         Recall Ancestor   |       |       |       |     2 |     5 |     2 ||     9
         Idealise          |       |       |       |     1 |     8 |     3 ||    12
  Evoke: Wand              |       |       |       |     9 |     2 |    10 ||    21
         Phantom mirror    |       |       |       |       |       |     2 ||     2
         Box of beasts     |       |       |       |       |       |     1 ||     1
    Use: Scroll            |     6 |     6 |     7 |     3 |    13 |     6 ||    41
         Potion            |       |       |       |     2 |     6 |    13 ||    21
 Armour: Robe              |       |       |       |     4 |     3 |    11 ||    18
  Dodge: Dodged            |     1 |     2 |    12 |    25 |    79 |    67 ||   186
